 Seeded DCSS version 0.28.0-43-g3370ac3207 (webtiles) character file.

Game seed: 7121082916606783627 (custom seed)

4 gzilladon the Chopper (level 1, -1/20 HPs)
             Began as a Hill Orc Monk on Mar 30, 2022.
             Was a Believer of Beogh.
             Slain by a kobold
             ... wielding a +0 whip
              (4 damage)
             ... on level 3 of the Dungeon on Mar 31, 2022.
             The game lasted 00:01:50 (176 turns).

gzilladon the Chopper (Hill Orc Monk)                Turns: 176, Time: 00:01:51

Health: -1/20      AC:  2    Str: 13    XL:     1   Next: 60%
Magic:  1/1        EV: 12    Int: 10    God:    Beogh [**....]
Gold:   0          SH:  0    Dex: 13    Spells: 0/0 levels left

rFire   . . .      SeeInvis .   a - +0 hand axe
rCold   . . .      Faith    .   (no shield)
rNeg    . . .      Spirit   .   b - +0 robe
rPois   .          Reflect  .   (no helmet)
rElec   .          Harm     .   (no cloak)
rCorr   .          Rampage  .   (no gloves)
Will    .....                   (no boots)
Stlth   +.........              (no amulet)
HPRegen 0.06/turn               (no ring)
MPRegen 0.07/turn               (no ring)

@: very slow
A: no striking features
a: Renounce Religion, Smiting


You were on level 3 of the Dungeon.
You worshipped Beogh.
Beogh was pleased with you.
You visited 1 branch of the dungeon, and saw 3 of its levels.

Inventory:

Hand Weapons
 a - a +0 hand axe (weapon)
Armour
 b - a +0 robe (worn)
 c - a +0 leather armour


   Skills:
 + Level 3.7 Fighting
 * Level 4.2 Axes
 + Level 2.4 Dodging
 + Level 1.5 Stealth


You couldn't memorise any spells.
You didn't know any spells.
Your spell library was empty.

Dungeon Overview and Level Annotations

Branches:
Dungeon (3/15)

Altars:


Message History

Clearing level map.
Clearing level map.
Clearing level map.
Clearing level map.
Clearing level map.
Welcome back, gzilladon the Hill Orc Monk.
Game seed: 7121082916606783627 (custom seed) Beogh says: Drown the unbelievers in a sea of blood!
Press ? for a list of commands and other information.
Welcome back, gzilladon the Hill Orc Monk.
Game seed: 7121082916606783627 (custom seed) Beogh says: Drown the unbelievers in a sea of blood!
Press ? for a list of commands and other information.
You enter the shallow water.
Moving in this stuff is going to be slow.
Why would you want to do that? Why would you want to do that?
Why would you want to do that?
A kobold comes into view. It is wielding a +0 whip.
The kobold shouts!
You enter the shallow water.
Moving in this stuff is going to be slow.
The kobold hits you with a +0 whip. The kobold hits you but does no damage.
The kobold hits you with a +0 whip.
* * * LOW HITPOINT WARNING * * *
The kobold closely misses you. The kobold closely misses you.
You enter the shallow water.
Moving in this stuff is going to be slow.
The kobold completely misses you. The kobold hits you with a +0 whip.
* * * LOW HITPOINT WARNING * * *
You hit the kobold.
The kobold is moderately wounded.
The kobold closely misses you. The kobold hits you with a +0 whip.
* * * LOW HITPOINT WARNING * * *
You enter the shallow water.
Moving in this stuff is going to be slow.
The kobold completely misses you. The kobold hits you with a +0 whip.
You die...

..
.....≈.............#
#.###.#.#.##.#.####..#
................. ...#
#.........##.######..#
####.≈......... #..#
#..........### #..#
#..≈≈.####.#
#..K.......#
#..@..###### #.....#
##≈...# #....# ######


You could see a kobold.

Vanquished Creatures
  An orc (D:3)
  A goblin (D:3)
  A frilled lizard (D:3)
3 creatures vanquished.

Vanquished Creatures (others)
  A howler monkey zombie (D:3)
  An orc (D:3)
2 creatures vanquished.

Grand Total: 5 creatures vanquished

Notes
Turn   | Place    | Note
-------+----------+-------------------------------------------
     0 | D:1      | gzilladon the Hill Orc Monk began the quest for the Orb.
     0 | D:1      | Reached XP level 1. HP: 19/19 MP: 1/1
    93 | D:3      | Noticed an orc priest
    93 | D:3      | Noticed an orc priest
    93 | D:3      | Noticed an orc priest
    94 | D:3      | Became a worshipper of Beogh the Brigand
    94 | D:3      | Reached * piety under Beogh
    94 | D:3      | Reached ** piety under Beogh
   176 | D:3      | Slain by a kobold

Illustrated notes

Levels and vault maps discovered:
D:1:      minmay_arrival_plants_in_alcoves, layout_rooms, serial_shops, shop,
          chequers_serial_rivers_large_b
D:2:      layout_rooms, hellmonk_ecumenical_altar_leap_of_faith,
          minmay_door_square, nicolae_concentric_dashed_squares_mild
D:3:      cheibrodos_fertilizer, layout_basic, lemuel_tele_altar,
          lemuel_zombie_altar_yredelemnul, serial_shops,
          nicolae_shop_behind_doors, serial_rivers,
          chequers_serial_rivers_small_a, chequers_serial_rivers_micro_c,
          chequers_serial_rivers_room_a, chequers_serial_rivers_micro_e,
          chequers_serial_rivers_small_a, kennysheep_generic_room_9

Action                   || total
-------------------------++-------
Melee: Hand axe          ||    17
Invok: Convert to Beogh  ||     1
Armor: Robe              ||     7
Dodge: Dodged            ||    17
